 Seeded DCSS version 0.30.1-4-g462c640d31 (webtiles) character file.

Game seed: 6351066067085065685 (custom seed)

20 Esekla the Grave Robber (level 2, -1/15 HPs)
             Began as a Deep Elf Necromancer on Aug 13, 2023.
             Was an Initiate of Vehumet.
             Slain by a goblin
             ... wielding a +3 dagger of speed
              (3 damage)
             ... on level 2 of the Dungeon.
             The game lasted 00:05:43 (814 turns).

Esekla the Grave Robber (Deep Elf Necromancer)       Turns: 814, Time: 00:05:43

Health: -1/15      AC:  4    Str:  5    XL:     2   Next: 58%
Magic:  8/8        EV: 13    Int: 19    God:    Vehumet [......]
Gold:   69         SH:  0    Dex: 18    Spells: 6/7 levels left

rFire   . . .        m - +5 rapier of the Hero {heavy, rN+ Dex+3}
rCold   . . .        (no shield)
rNeg    + . .        a - +0 robe
rPois   .            g - +0 helmet
rElec   .            (no cloak)
rCorr   .            j - +0 pair of gloves
SInv    .            (no boots)
Will    .....        (no amulet)
Stlth   ++           (no ring)
HPRegen 0.22/turn    (no ring)
MPRegen 0.11/turn

%: no passive effects
@: no status effects
A: no striking features
a: Renounce Religion


You were on level 2 of the Dungeon.
You worshipped Vehumet.
Vehumet was noncommittal.
You visited 1 branch of the dungeon, and saw 4 of its levels.

You collected 69 gold pieces.

Inventory:

Hand Weapons
 m - the +5 rapier of the Hero (weapon) {heavy, rN+ Dex+3}
   (You found it on level 3 of the Dungeon)

   Dex:       It affects your dexterity (+3).
   rN:        It protects you from negative energy.
Armour
 a - a +0 robe (worn)
 g - a +0 helmet (worn)
 j - a +0 pair of gloves (worn)
Wands
 n - a wand of roots (8)
Scrolls
 c - a scroll of blinking {unknown}
 e - a scroll of fear {unknown}
 f - a scroll of identify {unknown}
 l - a scroll of immolation {unknown}
Potions
 b - a potion of magic
 d - a potion of ambrosia {unknown}
 h - a potion of mutation {unknown}
 i - 2 potions of curing {unknown}
 k - a potion of attraction {unknown}


   Skills:
 + Level 0.1 Short Blades
 * Level 2.9 Dodging
 + Level 2.6 Stealth
 * Level 3.3 Spellcasting
 + Level 5.2 Necromancy


You had 6 spell levels left.
You knew the following spells:

 Your Spells              Type           Power      Damage    Failure   Level
a - Necrotise             Necr           92%        1d8       1%          1

Your spell library contained the following spells:

 Spells                   Type           Power      Damage    Failure   Level
 Vampiric Draining        Necr           23%        2d7       4%          3
 Animate Dead             Necr           23%        N/A       17%         4
 Agony                    Necr           23%        N/A       43%         5


Dungeon Overview and Level Annotations

Branches:
Dungeon (4/15)
 Temple: D:4-7

Altars:
Okawaru
Vehumet
Zin
The Shining One

Shops:
D:2 =


Message History

The frilled lizard closely misses you.
You puncture the frilled lizard!
You kill the frilled lizard!
Vehumet accepts your kill.
You now have 63 gold pieces (gained 10).
Found Renulab's Jewellery Shop.
You see here a +0 leather armour.
There is an entrance to Renulab's Jewellery Shop here.
You can access your shopping list by pressing '$'.
You strike the helpless goblin from behind!
You puncture the goblin!
You kill the goblin!
Vehumet accepts your kill.
n - a wand of roots (8);
i - 2 bubbling blue potions (gained 1)
You now have 69 gold pieces (gained 6).
Things that are here:
a +0 dagger; a goblin corpse
Found a stone staircase leading up.
There is a stone staircase leading down here.
You climb downwards.
There is a stone staircase leading up here.
You climb upwards.
There is a stone staircase leading down here.
You see here a +0 leather armour.
A goblin comes into view. It is wielding a +3 dagger of speed.
The goblin shouts!
The goblin hits you with a +3 dagger of speed.
You miss the goblin.
The goblin hits you with a +3 dagger of speed.
The goblin barely misses you.
You barely miss the goblin.
The goblin hits you with a +3 dagger of speed. x3
* * * LOW HITPOINT WARNING * * *
You barely miss the goblin. You punch the goblin.
The goblin is severely wounded.
The goblin hits you with a +3 dagger of speed.
* * * LOW HITPOINT WARNING * * *
The goblin misses you.
The goblin hits you with a +3 dagger of speed.
You die...

...............######...#######.#
##............)#.....#..# #)#
##.####..#######.####...# #.#
.........# #.# ##...... ..#
##.####..# #.# #.##### ### #.
...# #.# #.# #.
<....######.#####.# ##
###^#..............# #.
#.#..#####@####### #. #. .. #g#
#. #.# ## #.# # ... # #.. # ... #
##.# # #


You could see a goblin.

Vanquished Creatures
  An adder (D:2)
  A ball python (D:2)
  A bat (D:2)
  A goblin (D:2)
  2 hobgoblins (D:3)
  2 frilled lizards
  3 kobolds
11 creatures vanquished.

Notes
Turn   | Place    | Note
-------+----------+-------------------------------------------
     0 | D:1      | Esekla the Deep Elf Necromancer began the quest for the
                  | Orb.
     0 | D:1      | Reached XP level 1. HP: 10/10 MP: 6/6
   185 | D:2      | Reached skill level 5 in Necromancy
   382 | D:4      | Found an iron altar of Okawaru.
   394 | D:4      | Found a glowing silver altar of Zin.
   467 | D:4      | Found a glowing golden altar of the Shining One.
   479 | D:4      | Found a radiant altar of Vehumet.
   483 | D:4      | Became a worshipper of Vehumet
   570 | D:3      | Reached XP level 2. HP: 12/15 MP: 8/8
   638 | D:3      | Identified the +5 rapier of the Hero {heavy, rN+ Dex+3}
   742 | D:2      | Found Renulab's Jewellery Shop.
   814 | D:2      | Slain by a goblin

Illustrated notes

Levels and vault maps discovered:
D:1:      sevenhm_arrival_forest_fort_small_3, layout_rooms,
          chequers_serial_rivers_room_b, minmay_misc_feat_five
D:2:      layout_loops_ring, dreamdust_ecumenical_altar_angels_and_demons,
          serial_shops, shop
D:3:      layout_basic, grunt_temple_overflow_open, minmay_misc_feat_iff
D:4:      layout_basic, nicolae_overflow_quartered_altars, serial_shops,
          nicolae_diamond_shop

Skill      XL: |  1 |
---------------+----+-----
Necromancy     | 5 |  5.2
Short Blades   | |  0.1
Dodging        | |  2.9
Stealth        | |  2.6
Spellcasting   | |  3.3

Action                     || total
---------------------------++-------
  Melee: Short sword       ||    20
         Unarmed           ||     9
         Rapier            ||     9
         Punch             ||     1
   Stab: Sleeping          ||     1
         Distracted        ||     1
 Armour: Robe              ||    24
  Dodge: Dodged            ||    68
